 Dungeon Crawl Stone Soup version 0.26.1-11-gd32895ea62 (webtiles) character file.

Game seed: 86691073339313978

116 scsoc the Chopper (level 5, 0/46 HPs)
             Began as a Hill Orc Fighter on July 5, 2021.
             Slain by a gnoll
             ... wielding a +0 whip
              (3 damage)
             ... on level 3 of the Dungeon.
             The game lasted 00:03:56 (2338 turns).

scsoc the Chopper (Hill Orc Fighter)                Turns: 2338, Time: 00:03:59

Health: 0/46       AC:  8    Str: 20    XL:     5   Next: 0%
Magic:  5/5        EV:  7    Int:  8    God:
Gold:   147        SH:  9    Dex: 10    Spells: 4/4 levels left

rFire    . . .     SeeInvis .   a - +0 war axe
rCold    . . .     Faith    .   c - +0 kite shield
rNeg     . . .     Spirit   .   b - +0 scale mail
rPois    .         Reflect  .   (no helmet)
rElec    .         Harm     .   (no cloak)
rCorr    .         Rampage  .   (no gloves)
Will     .....                  f - +0 pair of boots
Stlth    ..........             (no amulet)
HPRegen  0.15/turn              (no ring)
MPRegen  0.09/turn              (no ring)

@: mighty
A: no striking features
a: no special abilities


You were on level 3 of the Dungeon.
You visited 1 branch of the dungeon, and saw 3 of its levels.

You collected 147 gold pieces.

Inventory:

Hand Weapons
 a - a +0 war axe (weapon)
Armour
 b - a +0 scale mail (worn)
 c - a +0 kite shield (worn)
 f - a +0 pair of boots (worn)
Jewellery
 m - an uncursed ring of ice {unknown}
Scrolls
 e - 2 scrolls of amnesia {unknown}
 g - a scroll of magic mapping {unknown}
 h - 4 scrolls of identify {unknown}
 j - a scroll of random uselessness {unknown}
 l - 2 scrolls of remove curse {unknown}
 n - a scroll of enchant armour {unknown}
Potions
 i - a potion of heal wounds {unknown}
 k - a potion of curing
 o - a potion of magic {unknown}


   Skills:
 + Level 4.1 Fighting
 + Level 4.2 Axes
 + Level 4.1 Armour
 + Level 0.9 Dodging
 + Level 4.1 Shields


You had 4 spell levels left.
You didn't know any spells.
Your spell library was empty.

Dungeon Overview and Level Annotations

Branches:
Dungeon (3/15)

Altars:


Message History

You have reached level 5!
You feel stronger.
You barely miss the gnoll.
The gnoll hits you from afar with a +0 spear!
The gnoll hits you but does no damage. x2; You block the gnoll's attack.
You are too injured to fight recklessly!
You are too injured to fight recklessly!
You are too injured to fight recklessly!
You slash the gnoll!
The gnoll is almost dead.
The gnoll hits you from afar with a +0 halberd!
* * * LOW HITPOINT WARNING * * *
You block the gnoll's attack. The gnoll hits you but does no damage.
You closely miss the gnoll.
The gnoll is almost dead.
You block the gnoll's attack. x2
The gnoll hits you from afar with a +0 spear!
* * * LOW HITPOINT WARNING * * *
The gnoll hits you with a +0 whip.
You die...

#.###.###.# ##.....## ####.###
#.# #.....###.......## ##.##.#
#.###.....##.........####...#.#
#..........'.........'.......##
#####....###.........####...##
##.#.# ##.......## ##.## ###.#
##.....## ### #.# ##...## #.#
##@## #.# #g# #[# #.gg.....#
#.. g......###.# #######....#
#..... #...... #...... ###.....


You could see 3 gnolls.

Vanquished Creatures
  2 adders (D:2)
  2 gnolls
  2 worms (D:2)
  2 dart slugs
  A leopard gecko (D:1)
  A ball python (D:3)
  A giant cockroach (D:2)
  11 goblins
  6 hobgoblins
  13 jackals
  7 bats
  3 frilled lizards (D:1)
  5 kobolds
  7 rats
63 creatures vanquished.

Notes
Turn   | Place    | Note
-------+----------+-------------------------------------------
     0 | D:1      | scsoc the Hill Orc Fighter began the quest for the Orb.
     0 | D:1      | Reached XP level 1. HP: 19/19 MP: 1/1
    37 | D:1      | Reached XP level 2. HP: 24/27 MP: 2/2
   562 | D:1      | Reached XP level 3. HP: 33/33 MP: 3/3
   799 | D:1      | You fall into a shaft and drop 1 floor!
  1039 | D:2      | Reached XP level 4. HP: 33/40 MP: 4/4
  2336 | D:3      | Reached XP level 5. HP: 25/46 MP: 5/5
  2338 | D:3      | Slain by a gnoll

Illustrated notes

Levels and vault maps discovered:
D:1:      dpeg_arrival_arbitrary_a, layout_basic
D:2:      layout_basic
D:3:      cheibrodos_greedy_goblins, layout_loops_corners,
          general_overflow_altar, tgw_xom, minmay_misc_feat_plants,
          trog_eyes_of_draining, uniq_sigmund

Skill      XL: |  1  2  3  4 |
---------------+-------------+-----
Axes           | 3 4 |  4.2
Fighting       | 4 |  4.1
Armour         | 4 |  4.1
Shields        | 4 |  4.1
Dodging        | |  0.9

Action                   |  1- 3 |  4- 6 || total
-------------------------+-------+-------++-------
Melee: War axe           |   108 |    88 ||   196
  Use: Potion            |       |     3 ||     3
Armor: Scale mail        |    63 |    43 ||   106
Dodge: Dodged            |    54 |    34 ||    88
Block: Kite shield       |    78 |    55 ||   133
